 Dungeon Crawl Stone Soup version 0.25-a0-246-g58704a1ebd (webtiles) character file.

Game seed: 15584620974639085851, levelgen mode: deterministic

5191 Lanoc the Nimble (level 10, -12/72 HPs)
             Began as a Halfling Wanderer on Dec 3, 2019.
             Was a Believer of Ashenzari.
             Mangled by a yak (34 damage)
             ... on level 10 of the Dungeon.
             The game lasted 00:36:26 (13041 turns).

Lanoc the Nimble (Halfling Wanderer)               Turns: 13041, Time: 00:36:27

Health: -12/72     AC: 19    Str: 12      XL:     10   Next: 91%
Magic:  10/10      EV: 12    Int: 15      God:    Ashenzari [**....]
Gold:   523        SH:  0    Dex: 17 (18) Spells: 7/9 levels left

rFire    . . .     SeeInvis .   v - +5 war axe of Leho {chop, *Contam rPois Int+4}
rCold    . . .     Gourm    .   (shield restricted)
rNeg     . . .     Faith    .   N - +8 chain mail "Zaacwox" {rElec} (curse)
rPois    +         Spirit   .   (no helmet)
rElec    +         Reflect  .   w - -1 cloak (curse)
rCorr    .         Harm     .   (no gloves)
MR       .....                  (no boots)
Stlth    +.........             x - amulet of the acrobat
HPRegen  0.22/turn              L - ring of wizardry
MPRegen  0.12/turn              K - ring of flight

@: sleeping, hasted
A: small, mutation resistance 1, wild magic 1
a: Curse Item, Scrying, Renounce Religion, Evoke Flight


You were on level 10 of the Dungeon.
You worshipped Ashenzari.
Ashenzari was pleased with you.
You were near starving.

You visited 2 branches of the dungeon, and saw 11 of its levels.
You also visited: Ossuary.

You collected 523 gold pieces.

Inventory:

Hand Weapons
 a - a +2 dagger
 v - the +5 war axe of Leho (weapon) {chop, *Contam rPois Int+4}
   (You found it on level 4 of the Dungeon)

   It inflicts extra damage upon your enemies.
   It affects your intelligence (+4).
   It protects you from poison.
   It causes magical contamination when unequipped.
Missiles
 c - 276 stones
 g - 189 arrows
 i - a throwing net
 q - 103 sling bullets
 t - 21 bolts
 y - 22 poisoned darts (quivered)
 I - a curare-tipped dart
Armour
 d - a +1 cloak of poison resistance
 w - a cursed -1 cloak (worn)
 G - a +0 shield
 N - the cursed +8 chain mail "Zaacwox" (worn) {rElec}
   (You found it on level 8 of the Dungeon)

   It insulates you from electricity.
   It has a curse placed upon it.
Jewellery
 x - an amulet of the acrobat (around neck)
 K - a ring of flight (right hand)
 L - a ring of wizardry (left hand)
Wands
 k - a wand of scattershot (5)
 n - a wand of enslavement (10)
 F - a wand of paralysis (7)
 H - a wand of acid (4)
Scrolls
 b - 2 scrolls of fog {unknown}
 e - 5 scrolls of remove curse
 l - 3 scrolls of immolation
 p - a scroll of blinking {unknown}
 u - 5 scrolls of enchant armour {unknown}
 A - a scroll of noise {unknown}
 B - 2 scrolls of enchant weapon {unknown}
 D - a scroll of silence {unknown}
 E - a scroll of amnesia {unknown}
 J - a scroll of fear
 M - 2 scrolls of magic mapping {unknown}
Potions
 j - a potion of cancellation
 m - a potion of haste
 o - a potion of heal wounds
 r - a potion of agility
 s - 2 potions of ambrosia
 z - 2 potions of resistance
 C - 2 potions of flight
 O - a potion of might
Comestibles
 f - 13 rations


   Skills:
 + Level 8.0 Fighting
 - Level 1.0 Throwing
 + Level 9.3 Armour
 + Level 9.3 Dodging
 - Level 7.0 Stealth
 - Level 1.1 Shields


You had 7 spell levels left.
You knew the following spells:

 Your Spells              Type           Power        Failure   Level  Hunger
a - Apportation           Tloc           #.....       93%         1    ##.....
b - Summon Butterflies    Summ           #.......     93%         1    ##.....

Your spell library contained the following spells:

 Spells                   Type           Power        Failure   Level  Hunger
 Confusing Touch          Hex            #.....       93%         1    ##.....
 Confuse                  Hex            #.......     99%         3    ####...
 Gell's Gravitas          Tloc           #.........   99%         3    ####...
 Lesser Beckoning         Tloc           #.........   99%         3    ####...
 Tukima's Dance           Hex            #.......     99%         3    ####...
 Petrify                  Tmut/Erth      #.......     100%        4    #####..
 Alistair's Intoxication  Tmut/Pois      #.......     100%        5    ######.
 Metabolic Englaciation   Hex/Ice        #.........   100%        5    ######.
 Yara's Violent Unravell  Hex/Tmut       #.........   100%        5    ######.
 Invisibility             Hex            #.......     100%        6    #######


Dungeon Overview and Level Annotations

Branches:
Dungeon (10/15)            Temple (1/1) D:6            Lair (0/6) D:8
    Orc (0/2) D:9         Ossuary (visited)

Altars:
Ashenzari
Cheibriados
Dithmenos
Fedhas
Kikubaaqudgha
Makhleb
Qazlal
Ru
Sif Muna
Uskayaw

Shops:
D:4 [   D:7 =

Annotations:
D:5 Eustachio
D:7 3 runed translucent doors, p0werm0de's ghost, novice GnFE
D:8 3 runed translucent doors, MisterFreud's ghost, novice OpAr


Innate Abilities, Weirdness & Mutations

You are small and have problems with some larger weapons.
You are somewhat resistant to further mutation.
Your spells are a little harder to cast, but a little more powerful.


Message History

The dream sheep ruffles its wool and motes of dream dust sparkle, to no effect.
You slash the yak!
You kill the yak!
The worker ant bites you.
You hit the worker ant.
The worker ant is moderately wounded.
The dream sheep shake their wool and sparkle.
You feel drowsy...
You fall asleep.
The worker ant bites you but does no damage. x2
The yak gores you.
You wake up.
* * * LOW HITPOINT WARNING * * *
Unknown command.
The worker ant waves its antennae.
The dream sheep ruffle their wool and motes of dream dust sparkle, to no effect.
The dream sheep shake their wool and sparkle.
You feel drowsy...
You fall asleep.
The worker ant bites you but does no damage.
The worker ant closely misses you. The yak gores you!!
You die...

* * .#####..# #..#
,, ........# #..#
........# #..# *
,.#####..# #..#
#.Y########..# * *
#............# ,
#.Y..........#
#Ya########..# ,
#.@# #..# *,
#####..# #..# ,
.......# #..# , ,
......# #..# *
..####..########..#
, . #............#
#............# , ,
#..########..# , *
* #..# #..#


You could see a yak, 2 dream sheep and a worker ant.

Vanquished Creatures
  A yak (D:10)
  Edmund (D:5)
  Duvessa (D:7)
  A water moccasin (D:7)
  5 orc warriors
  A sky beast (D:8)
  A black bear (D:8)
  A phantom (D:8)
  2 ogres
  2 necrophages (D:7)
  4 centaurs
  A crocodile (D:9)
  4 big kobolds
  3 bullfrogs
  A gnoll sergeant (D:8)
  13 scorpions
  Dowan (D:7)
  4 killer bees (D:8)
  3 wights (D:8)
  2 howler monkeys
  4 electric eels (D:8)
  3 centaur zombies
  2 quasits
  5 hounds
  3 human zombies (Ossuary)
  7 orc priests
  A jelly (D:7)
  A bullfrog skeleton (D:4)
  A centaur skeleton (D:6)
  2 iguanas
  6 orc wizards
  7 worker ants
  2 hound skeletons
  3 mummies (Ossuary)
  2 worker ant zombies
  3 gnolls (D:8)
  8 adders
  3 scorpion zombies (Ossuary)
  2 shadow imps (D:5)
  An ooze (D:2)
  An adder skeleton (D:4)
  2 worms (D:2)
  3 dart slugs
  3 leopard geckos
  40 orcs
  10 bats
  3 giant cockroaches
  3 gnoll zombies (Ossuary)
  8 goblins
  12 hobgoblins
  9 jackals
  4 quokkas
  5 frilled lizards
  2 goblin zombies (Ossuary)
  A jackal skeleton (D:4)
  A jackal zombie (D:5)
  19 kobolds
  3 kobold zombies (Ossuary)
  3 orc zombies (Ossuary)
  A quokka skeleton (D:4)
  4 rats
255 creatures vanquished.

Vanquished Creatures (others)
  A scorpion (Ossuary)
  An orc wizard (D:8)
2 creatures vanquished.

Grand Total: 257 creatures vanquished

Notes
Turn   | Place    | Note
-------+----------+-------------------------------------------
     0 | D:1      | Lanoc the Halfling Wanderer began the quest for the Orb.
     0 | D:1      | Lanoc set off with the following items: a +2 dagger, 4
                  | curare-tipped darts, a +0 spear, a potion of lignification,
                  | a +0 robe, a ration
     0 | D:1      | Reached XP level 1. HP: 15/15 MP: 1/1
   109 | D:1      | Reached XP level 2. HP: 13/20 MP: 2/2
   498 | D:1      | Reached XP level 3. HP: 22/26 MP: 3/3
  1608 | D:2      | Reached XP level 4. HP: 29/31 MP: 4/4
  2104 | D:2      | Noticed a necrophage
  2366 | D:3      | Reached XP level 5. HP: 33/36 MP: 5/5
  2947 | D:2      | Found a burning altar of Makhleb.
  3878 | D:4      | Noticed a phantom
  3898 | D:4      | Got a blackened war axe
  3899 | D:4      | Identified the +5 war axe of Leho {chop, *Contam rPois
                  | Int+4} (You found it on level 4 of the Dungeon)
  3958 | D:4      | Found a shattered altar of Ashenzari.
  3961 | D:4      | Found a shimmering blue altar of Sif Muna.
  3978 | D:4      | Reached XP level 6. HP: 38/43 MP: 6/6
  4492 | D:4      | Became a worshipper of Ashenzari the Shackled
  4737 | D:4      | Reached XP level 7. HP: 44/48 MP: 7/7
  4773 | D:4      | Found Wupocod's Antique Armour Emporium.
  4866 | D:5      | Entered Level 5 of the Dungeon
  4979 | D:5      | Found a sand-covered staircase.
  5013 | Ossuary  | Entered an ossuary
  5036 | Ossuary  | Gained mutation: Your spells are a little harder to cast,
                  | but a little more powerful. [potion of mutation]
  5354 | Ossuary  | Reached skill level 5 in Armour
  5354 | Ossuary  | Reached skill level 5 in Dodging
  5671 | Ossuary  | Reached XP level 8. HP: 54/54 MP: 8/8
  5777 | Ossuary  | Reached skill level 5 in Fighting
  6490 | D:5      | Reached skill level 5 in Stealth
  6552 | D:5      | Noticed Eustachio
  6582 | D:5      | Noticed Edmund
  6592 | D:5      | Killed Edmund
  6697 | D:5      | Found a stormy altar of Qazlal.
  6701 | D:5      | Found a blossoming altar of Fedhas.
  6915 | D:5      | Reached XP level 9. HP: 49/61 MP: 9/9
  7041 | D:5      | Reached * piety under Ashenzari
  7643 | D:6      | Found a sacrificial altar of Ru.
  8435 | D:6      | Found a staircase to the Ecumenical Temple.
  8442 | Temple   | Entered the Ecumenical Temple
  8727 | D:7      | Found a runed translucent gate.
  8727 | D:7      | Found a snail-covered altar of Cheibriados.
  8729 | D:7      | Found a runed translucent gate.
  8729 | D:7      | Found a runed translucent gate.
  8729 | D:7      | Noticed p0werm0de's ghost (novice GnFE)
  8731 | D:7      | Noticed a cyan ugly thing
  8750 | D:7      | Found a hide-covered altar of Uskayaw.
  9003 | D:7      | Learned a level 1 spell: Apportation
  9005 | D:7      | Learned a level 1 spell: Summon Butterflies
  9009 | D:7      | Noticed Dowan
  9112 | D:7      | Noticed Duvessa
  9176 | D:7      | Found a shadowy altar of Dithmenos.
  9181 | D:7      | Found Dynuexer's Jewellery Boutique.
  9608 | D:7      | Reached XP level 10. HP: 62/68 MP: 10/10
 10127 | D:8      | Got the uncursed chain mail "Zaacwox" {rElec}
 10138 | D:8      | Identified the +8 chain mail "Zaacwox" {rElec} (You found
                  | it on level 8 of the Dungeon)
 10874 | D:8      | Found a staircase to the Lair.
 10934 | D:8      | Reached ** piety under Ashenzari
 10987 | D:8      | Found a runed translucent gate.
 10987 | D:8      | Found a runed translucent gate.
 10987 | D:8      | Found a runed translucent gate.
 10989 | D:8      | Noticed MisterFreud's ghost (novice OpAr)
 11022 | D:8      | Noticed a two-headed ogre
 11072 | D:7      | Killed Dowan
 11146 | D:7      | Killed Duvessa
 12530 | D:9      | Found an ancient bone altar of Kikubaaqudgha.
 12626 | D:9      | Found a staircase to the Orcish Mines.
 12659 | D:10     | Entered Level 10 of the Dungeon
 13041 | D:10     | Mangled by a yak

Levels and vault maps discovered:
D:1:      dpeg_arrival_pond, layout_basic
D:2:      kb_forest_paths, layout_loops_ring, bloody_makhleb, kennysheep_nub
D:3:      layout_basic, kennysheep_minor_cross,
          hangedman_abyss_or_decor_lesser_grid
D:4:      layout_loops_cross, cheibrodos_ashenzari_chains, led_sif_book,
          first_ration, serial_shops, shop
D:5:      layout_gridville, grunt_temple_overflow_forces_of_nature,
          enter_ossuary_5, uniq_eustachio, uniq_edmund
D:6:      layout_cave_pools, hangedman_ru_absence, minmay_temple_entry_waves,
          grunt_ministairs_15
D:7:      layout_rooms, lemuel_crystal_altar, marbit_many_paths,
          nicolae_overflow_crystal_walls, serial_shops, shop,
          gammafunk_ghost_split, uniq_duvessa
D:8:      layout_basic, gammafunk_ghost_necromancy
D:9:      layout_stronghold, kennysheep_little_box, hiddenorc1_lemuel
D:10:     layout_small_grid, serial_shops, shop, hangedman_ranch
          [blue_anna_fruit_fields]
Temple:   minmay_temple_bridge_abc

Skill      XL: |  1  2  3  4  5  6  7  8  9 10 |
---------------+-------------------------------+-----
Fighting       | 3 4 5 6 8 |  8.0
Armour         | 3 4 5 6 7 9 |  9.3
Dodging        | 3 4 5 6 7 9 |  9.3
Stealth        | 2 3 5 7 |  7.0
Throwing       | |  1.0
Shields        | |  1.1

Action                   |  1- 3 |  4- 6 |  7- 9 | 10-12 || total
-------------------------+-------+-------+-------+-------++-------
Melee: Dagger            |   152 |   173 |       |       ||   325
       War axe           |       |    44 |   296 |   307 ||   647
Throw: Dart              |     3 |     6 |     5 |    17 ||    31
       Stone             |       |       |    46 |       ||    46
Invok: Curse Item        |       |       |       |     1 ||     1
  Use: Scroll            |       |     4 |     4 |     5 ||    13
       Potion            |       |     4 |     5 |     3 ||    12
 Stab: Sleeping          |     2 |     2 |    13 |     1 ||    18
       Invisible         |       |       |       |     4 ||     4
  Eat: Chunk             |     2 |    10 |    12 |    11 ||    35
       Ration            |       |       |     1 |       ||     1
Armor: Robe              |    17 |     6 |       |       ||    23
       Ring mail         |       |    36 |    36 |       ||    72
       Skin              |       |     7 |       |       ||     7
       Leather armour    |       |       |    27 |    11 ||    38
       Chain mail        |       |       |       |   219 ||   219
Dodge: Dodged            |   111 |   143 |   267 |   345 ||   866

Table legend:
 A = Non-vault XP
 B = Vault XP
 C = Vault XP percentage of total XP
 D = Non-vault monster count
 E = Vault monster count
 F = Vault count percentage of total count
                 A         B        C        D         E       F
            +---------+---------+-------+---------+---------+-------
      Total |    5254 |    2163 |  29.2 |     188 |      68 |  26.6
            +---------+---------+-------+---------+---------+-------
        D:1 |      47 |       0 |   0.0 |      25 |       0 |   0.0
        D:2 |      48 |      28 |  36.8 |      17 |       6 |  26.1
        D:3 |     163 |       0 |   0.0 |      21 |       0 |   0.0
        D:4 |     264 |       0 |   0.0 |      13 |       0 |   0.0
        D:5 |     253 |     158 |  38.4 |      11 |       1 |   8.3
        D:6 |     908 |      28 |   3.0 |      20 |       5 |  20.0
        D:7 |    1086 |     262 |  19.4 |      20 |       3 |  13.0
        D:8 |    1786 |       0 |   0.0 |      44 |       0 |   0.0
        D:9 |     699 |     223 |  24.2 |      17 |      17 |  50.0
       D:10 |       0 |     401 | 100.0 |       0 |       3 | 100.0
    Ossuary |       0 |    1063 | 100.0 |       0 |      33 | 100.0
            +---------+---------+-------+---------+---------+-------
